 Dungeon Crawl Stone Soup version 0.27-a0-1149-g4505690ab0 (webtiles) character file.

Game seed: 12661562282800633015

19377 bjtr the Destroyer (level 12, -1/74 HPs)
             Began as a Gargoyle Conjurer on May 6, 2021.
             Was an Elder of Vehumet.
             Killed from afar by a frost giant (5 damage)
             ... with a bolt of cold
             ... in an ice cave on May 12, 2021.
             The game lasted 01:25:14 (15207 turns).

bjtr the Destroyer (Gargoyle Conjurer)             Turns: 15207, Time: 01:25:14

Health: -1/74      AC: 25    Str: 12    XL:     12   Next: 68%
Magic:  8/23       EV: 13    Int: 23    God:    Vehumet [****..]
Gold:   781        SH:  0    Dex: 18    Spells: 10/26 levels left

rFire    . . .     SeeInvis .   a - +3 great mace of Eternal War {drain, rC++ Dex+4 Stlth+}
rCold    + + .     Faith    .   (shield currently unavailable)
rNeg     + . .     Spirit   .   f - quicksilver dragon scales
rPois    ∞         Reflect  .   B - +1 helmet
rElec    +         Harm     .   o - +0 cloak
rCorr    .         Rampage  .   (no gloves)
Will     +....                  (no boots)
Stlth    ++++......             (no amulet)
HPRegen  0.22/turn              S - ring of wizardry
MPRegen  0.18/turn              c - +6 ring of dexterity

@: no status effects
A: sickness immunity, AC +8, negative energy resistance 1, electricity
resistance, torment resistance 1, petrification resistance
a: Renounce Religion


You were in an ice cave.
You worshipped Vehumet.
Vehumet was greatly pleased with you.
You visited 2 branches of the dungeon, and saw 12 of its levels.
You also visited: Ice Cave.

You collected 781 gold pieces.

Inventory:

Hand Weapons
 a - the +3 great mace of Eternal War (weapon) {drain, rC++ Dex+4 Stlth+}
   (You acquired it on level 7 of the Dungeon)

   A truly terrible weapon, it drains the life of those it strikes.
   It affects your dexterity (+4).
   It greatly protects you from cold.
   It makes you more stealthy.
 h - a +1 falchion of holy wrath
 i - a +3 dagger of draining
 l - a +1 morningstar of freezing
 u - a +2 mace of protection
 x - a +1 vampiric battleaxe
 y - a +0 war axe
 G - a +0 vorpal scimitar
 J - a +3 flail
 M - a +4 hand axe
Missiles
 j - 25 boomerangs (quivered)
 n - 7 silver javelins
 q - 24 poisoned darts
 L - 2 throwing nets
 N - 6 javelins
Armour
 f - quicksilver dragon scales (worn)
 g - the +2 ring mail of Soft Rains {Drain rCorr Dex+2 Slay+2}
   (You found it on level 6 of the Dungeon)

   It affects your dexterity (+2).
   It affects your accuracy and damage with ranged weapons and melee attacks
   (+2).
   It protects you from acid and corrosion.
   It drains your maximum health when unequipped.
 m - a +0 tower shield
 o - a +0 cloak (worn)
 z - a +1 ring mail of positive energy
 B - a +1 helmet (worn)
 F - +0 steam dragon scales
 P - a +0 buckler
Magical Staves
 p - a staff of air
Jewellery
 c - a +6 ring of dexterity (right hand)
 d - an amulet of faith
 t - a ring of fire
 S - a ring of wizardry (left hand)
Wands
 b - a wand of mindburst (15)
 k - a wand of paralysis (8)
 s - a wand of acid (9)
 w - a wand of iceblast (18)
 C - a wand of digging (14)
 H - a wand of polymorph (5)
 R - a wand of charming (15)
Scrolls
 e - 7 scrolls of teleportation
 v - a scroll of fog
 E - a scroll of blinking
 K - a scroll of fear
 O - a scroll of silence
 T - a scroll of identify
Potions
 r - 3 potions of flight
 A - 2 potions of mutation
 D - a potion of attraction
 I - a potion of might
 Q - a potion of haste
 U - a potion of curing


   Skills:
 * Level 8.2 Fighting
 + Level 8.5 Maces & Flails
 * Level 9.9 Armour
 + Level 5.2 Dodging
 + Level 5.4 Stealth
 + Level 3.4 Shields
 * Level 7.8 Spellcasting
 * Level 10.5 Conjurations
 + Level 1.7 Summonings
 + Level 0.3 Translocations
 + Level 0.8 Fire Magic
 + Level 0.1 Air Magic
 + Level 0.2 Poison Magic


You had 10 spell levels left.
You knew the following spells:

 Your Spells              Type           Power      Damage    Failure   Level
a - Magic Dart            Conj           100%       1d8       1%          1
b - Searing Ray           Conj           100%       3d7       1%          2
c - Foxfire               Conj/Fire      100%       2x1d9     1%          1
d - Call Imp              Summ           16%        N/A       4%          2
e - Iskenderun's Mystic   Conj/Tloc      34%        2d8       1%          4
f - Mephitic Cloud        Conj/Pois/Air  25%        N/A       1%          3
g - Ozocubu's Armour      Ice            9%         N/A       16%         3

Your spell library contained the following spells:

 Spells                   Type           Power      Damage    Failure   Level
 Inner Flame              Hex/Fire       10%        N/A       4%          3
 Freeze                   Ice            36%        1d6       1%          1
 Dazzling Flash           Conj/Hex       66%        N/A       1%          3
 Fulminant Prism          Conj/Hex       16%        3d11      1%          4
 Hailstorm                Conj/Ice       33%        3d8       1%          4
 Summon Small Mammal      Summ           64%        N/A       2%          1
 Apportation              Tloc           20%        N/A       4%          1
 Frozen Ramparts          Ice            18%        1d3       4%          3
 Animate Skeleton         Necr           18%        N/A       6%          1
 Corona                   Hex            10%        N/A       6%          1
 Call Canine Familiar     Summ           16%        N/A       9%          3
 Summon Guardian Golem    Hex/Summ       12%        N/A       12%         3
 Summon Ice Beast         Ice/Summ       13%        N/A       34%         4
 Summon Lightning Spire   Summ/Air       13%        N/A       34%         4
 Metabolic Englaciation   Hex/Ice        4%         N/A       78%         5


Dungeon Overview and Level Annotations

Branches:
Dungeon (11/15)            Temple (1/1) D:7            Lair (0/6) D:8
    Orc (0/2) D:9           IceCv (1/1)

Altars:
Ashenzari
Cheibriados
Dithmenos
Elyvilon
Fedhas
Gozag
Kikubaaqudgha
Makhleb
Okawaru
Qazlal
Sif Muna
Trog
Vehumet
Wu Jian
Xom
Yredelemnul
The Shining One

Annotations:
D:3 3 runed translucent doors, elagabalus's ghost, amateur TeFE
D:6 3 runed translucent doors, bande's ghost, novice GrFi; indyram44's ghost, novice GrGl


Innate Abilities, Weirdness & Mutations

You are immune to sickness and miasma.
Your stone body is resilient. (AC +8)
You are immune to poison.
You resist negative energy. (rN+)
You are resistant to electric shocks. (rElec)
You are resistant to unholy torment.
You are immune to petrification.


Message History

Casting: Iskenderun's Mystic Blast (dangerous; 1% risk of failure)
Confirm with . or Enter, or press ? or * to list all spells.
Aiming: Mephitic Cloud (safe; 1% risk of failure)
Press: ? - help, Shift-Dir - straight line, f - frost giant
Aim: a frost giant, wielding a +2 battleaxe of freezing (severely wounded, lightly drained, chance to affect: 39%)
The ball explodes into a vile cloud!
The stinking cloud engulfs the frost giant but does no damage.
The frost giant is severely wounded.
You hear an angry growl.
The frost giant is engulfed in noxious fumes.
The frost giant gestures at you while chanting.
The bolt of cold hits you! You resist.
* * * LOW HITPOINT WARNING * * *
Unknown command.
The frost giant is engulfed in noxious fumes.
The frost giant appears confused.
Casting: Mephitic Cloud (safe; 1% risk of failure)
Confirm with . or Enter, or press ? or * to list all spells.
Aiming: Searing Ray (safe; 1% risk of failure)
Press: ? - help, Shift-Dir - straight line, f/p - frost giant
Aim: a frost giant, wielding a +2 battleaxe of freezing (severely wounded, lightly drained, 98% to hit)
The searing ray hits the frost giant!
The frost giant is almost dead. (Press . to maintain the ray.)
The searing ray hits the frost giant.
The frost giant is almost dead.
The frost giant casts a spell at you. The bolt of cold misses you.
The searing ray hits the frost giant.
The frost giant is almost dead.
The searing ray hits the frost giant!
The frost giant is almost dead.
You finish channeling your searing ray.
The frost giant hits you with a +2 battleaxe of freezing!
* * * LOW HITPOINT WARNING * * *
The frost giant freezes you.
* * * LOW HITPOINT WARNING * * *
The frost giant gestures at you while chanting.
The bolt of cold hits you. You resist.
You die...

#...#.## #.#.#
##†.###.#
###.#
##...###.# ##.
#...###..# ##.
##..## #..#
#.. #...# #.##
#.# #...#
#..## #.#
##..## ##..#
##. #.@#####
#..# ##.
#.###..####.##
##.. #C.###C.#
#..###..#
##.##...#
##..#...#
#...#..#
#.....##
##..#.##
##....#
#####.##
##..## ##.##.#
#..# #.Y#.##
#.####


You could see a frost giant (drained).

Vanquished Creatures
  Harold (D:9)
  A death yak (IceCv)
  2 two-headed ogres
  Urug (D:10)
  An ice statue (IceCv)
  Maurice (D:9)
  A kobold demonologist (D:10)
  2 komodo dragons (D:8)
  A troll (D:10)
  13 polar bears (IceCv)
  2 hornets
  24 yaks
  A wraith (D:11)
  2 wyverns
  2 steam dragons (D:8)
  2 water moccasins
  A black bear (D:7)
  8 orc warriors
  2 sky beasts
  2 ice beasts
  A necrophage (D:7)
  3 ogres
  22 wolves (IceCv)
  6 centaurs
  4 bullfrogs
  2 kobold brigands
  A wyvern zombie (D:8)
  A gnoll sergeant (D:10)
  2 scorpions (D:4)
  A water moccasin zombie (D:7)
  A wyvern skeleton (D:6)
  6 killer bees (D:9)
  8 wights (D:9)
  4 electric eels (D:10)
  A howler monkey (D:8)
  5 centaur zombies
  2 hounds
  9 orc priests
  3 jellies
  A bullfrog skeleton (D:3)
  2 centaur skeletons
  5 iguanas
  9 orc wizards
  A scorpion zombie (D:5)
  A howler monkey zombie (D:9)
  5 adders
  8 gnolls
  A shadow imp (D:5)
  2 white imps
  2 adder skeletons (D:4)
  An adder zombie (D:5)
  3 dart slugs
  56 orcs
  6 endoplasms
  4 giant cockroaches (D:1)
  5 goblins
  5 hobgoblins
  3 quokkas
  5 ball pythons
  10 bats
  5 frilled lizards
  10 kobolds
  8 rats
310 creatures vanquished.

Vanquished Creatures (collateral kills)
  A kobold brigand (D:10)
  A killer bee (D:9)
  A kobold (D:11)
  2 foxfires (D:10)
5 creatures vanquished.

Vanquished Creatures (others)
  A kobold brigand (D:10)
  An orc wizard (D:7)
  50 foxfires
  5 fungi
  23 plants
80 creatures vanquished.

Grand Total: 395 creatures vanquished

Notes
Turn   | Place    | Note
-------+----------+-------------------------------------------
     0 | D:1      | bjtr the Gargoyle Conjurer began the quest for the Orb.
     0 | D:1      | Reached XP level 1. HP: 10/10 MP: 3/3
   232 | D:1      | Reached XP level 2. HP: 15/15 MP: 3/5
   268 | D:1      | Learned a level 2 spell: Searing Ray
   524 | D:1      | Reached skill level 5 in Conjurations
   742 | D:1      | Reached XP level 3. HP: 19/19 MP: 1/6
  1660 | D:2      | Reached skill level 1 in Fighting
  1660 | D:2      | Reached XP level 4. HP: 25/25 MP: 1/7
  2002 | D:3      | Reached XP level 5. HP: 29/29 MP: 6/9
  2038 | D:3      | Reached skill level 1 in Armour
  2211 | D:3      | Found a faded altar of an unknown god.
  2414 | D:3      | Found a runed translucent gate.
  2415 | D:3      | Found a runed translucent gate.
  2415 | D:3      | Noticed elagabalus's ghost (amateur TeFE)
  2416 | D:3      | Found a runed translucent gate.
  2416 | D:3      | Noticed a kobold brigand
  2934 | D:4      | Noticed a water moccasin
  2948 | D:4      | Killed a water moccasin
  2949 | D:4      | Reached XP level 6. HP: 13/35 MP: 1/10
  3165 | D:4      | Reached skill level 1 in Maces & Flails
  3165 | D:4      | Reached skill level 6 in Conjurations
  3378 | D:4      | Noticed a sky beast
  3386 | D:4      | Killed a sky beast
  3387 | D:4      | Reached XP level 7. HP: 40/40 MP: 7/12
  3617 | D:4      | Found an iron altar of Okawaru.
  3759 | D:4      | Upgraded the game from 0.27-a0-1136-g0b992a5a9d to
                  | 0.27-a0-1149-g4505690ab0
  4194 | D:4      | Found a shimmering blue altar of Sif Muna.
  4385 | D:5      | Entered Level 5 of the Dungeon
  4782 | D:5      | Reached XP level 8. HP: 46/46 MP: 9/14
  4824 | D:5      | Reached skill level 1 in Shields
  5545 | D:5      | Found a glowing golden altar of the Shining One.
  6130 | D:6      | Reached skill level 5 in Armour
  6408 | D:6      | Reached skill level 7 in Conjurations
  6598 | D:6      | Learned a level 2 spell: Call Imp
  6748 | D:6      | Identified the +2 ring mail of Soft Rains {Drain rCorr
                  | Dex+2 Slay+2}
  7108 | D:6      | Found a runed translucent gate.
  7108 | D:6      | Found a runed translucent gate.
  7110 | D:6      | Found a runed translucent gate.
  7111 | D:6      | Noticed bande's ghost (novice GrFi)
  7111 | D:6      | Noticed indyram44's ghost (novice GrGl)
  7380 | D:7      | Reached XP level 9. HP: 49/52 MP: 16/16
  7465 | D:7      | Reached skill level 5 in Spellcasting
  7886 | D:7      | Found a staircase to the Ecumenical Temple.
  7892 | Temple   | Entered the Ecumenical Temple
  7942 | Temple   | Became a worshipper of Vehumet
  8013 | D:7      | Identified a scroll of acquirement
  8013 | D:7      | Acquired the +3 great mace of Eternal War {drain, rC++
                  | Dex+4 Stlth+}
  8081 | D:7      | Found an opulent altar of Gozag.
  8082 | D:7      | Found a snail-covered altar of Cheibriados.
  8287 | D:7      | Reached skill level 5 in Fighting
  8287 | D:7      | Reached skill level 8 in Conjurations
  8691 | D:8      | Reached XP level 10. HP: 59/59 MP: 18/18
  9282 | D:8      | Reached * piety under Vehumet
  9282 | D:8      | Offered knowledge of Foxfire by Vehumet.
  9293 | D:8      | Learned a level 1 spell: Foxfire
  9298 | D:8      | Learned a level 4 spell: Iskenderun's Mystic Blast
  9756 | D:8      | Found a staircase to the Lair.
 10166 | D:9      | Reached skill level 5 in Maces & Flails
 10483 | D:9      | Noticed a two-headed ogre
 10490 | D:9      | Killed a two-headed ogre
 10491 | D:9      | Reached XP level 11. HP: 32/66 MP: 15/20
 10673 | D:9      | Reached skill level 9 in Conjurations
 10823 | D:9      | Noticed Maurice
 10870 | D:9      | Killed Maurice
 11129 | D:9      | Noticed Harold
 11140 | D:9      | Killed Harold
 11454 | D:9      | Found a staircase to the Orcish Mines.
 11681 | D:9      | Offered knowledge of Sandblast by Vehumet.
 11698 | D:9      | Reached ** piety under Vehumet
 11940 | D:10     | Entered Level 10 of the Dungeon
 11940 | D:10     | Noticed a two-headed ogre
 11949 | D:10     | Killed a two-headed ogre
 12149 | D:10     | Found a shimmering altar of Xom.
 12181 | D:10     | Noticed Urug
 12205 | D:10     | Killed Urug
 12446 | D:10     | Offered knowledge of Mephitic Cloud by Vehumet.
 12451 | D:10     | Learned a level 3 spell: Mephitic Cloud
 12573 | D:10     | Reached skill level 5 in Stealth
 12660 | D:10     | Found a shadowy altar of Dithmenos.
 12887 | D:10     | Reached *** piety under Vehumet
 12956 | D:10     | Learned a level 3 spell: Ozocubu's Armour
 13127 | D:11     | Noticed a four-headed hydra
 13298 | D:11     | Offered knowledge of Inner Flame by Vehumet.
 13314 | D:11     | Reached XP level 12. HP: 62/72 MP: 21/23
 13383 | D:11     | Found a frozen archway.
 13393 | IceCv    | Entered an ice cave
 13445 | IceCv    | Reached skill level 1 in Summonings
 13544 | IceCv    | Reached skill level 5 in Dodging
 13570 | IceCv    | Reached skill level 10 in Conjurations
 14371 | IceCv    | Reached **** piety under Vehumet
 14641 | IceCv    | Noticed a frost giant
 14641 | IceCv    | Noticed a death yak
 15072 | IceCv    | Killed a death yak
 15207 | IceCv    | Killed from afar by a frost giant

Illustrated notes

Levels and vault maps discovered:
D:1:      giann_bridges, layout_loops_ring
D:2:      cheibrodos_pilgrimage, layout_rooms
D:3:      layout_loops_ring, shapermc_ecumenical_altar_notcrosses,
          gammafunk_ghost_nasty_kobolds
D:4:      layout_cave_pods, kennysheep_okawaru_gauntlet, lemuel_round_altar
D:5:      layout_loops_ring, tso_metal_star, serial_co_window_serial,
          co_window_cross_1, co_window_corner_a, co_window_cross_1,
          co_window_paths_b, co_window_paths_a, co_window_broadway_c,
          co_window_paths_c, co_window_unsneaky_path_b, co_window_cross_3,
          glass_columns_c, glass_columns_a, glass_columns_c, glass_columns_a,
          glass_columns_c
D:6:      layout_loops_cross, gammafunk_ghost_cemetery
D:7:      layout_basic, grunt_temple_overflow_open, minmay_temple_entry_fiery
D:8:      layout_basic, grunt_lair_entry_orc_guard_hut
D:9:      layout_rooms, hiddenorc2_lemuel, uniq_harold, uniq_maurice
D:10:     layout_basic, kennysheep_mini, nicolae_dithmenos_the_darkroom,
          serial_bayou, serial_bayou_pond_e, serial_bayou_pond_e,
          serial_bayou_pond_b, serial_bayou_lagoon_a, uniq_urug
D:11:     layout_cross, portal_ice_cave_entry_ice_beasts, st_stairs_9,
          minmay_misc_feat_iff
Temple:   regret_index_temple_waves
IceCv:    ice_cave_caverns_01

Skill      XL: |  1  2  3  4  5  6  7  8  9 10 11 12 |
---------------+-------------------------------------+-----
Conjurations   | 5 6 7 8 9 10 | 10.5
Fighting       | 1 2 3 4 5 6 7 8 |  8.2
Armour         | 2 3 4 5 7 8 9 |  9.9
Spellcasting   | 3 4 5 6 7 |  7.8
Maces & Flails | 1 3 5 7 8 |  8.5
Dodging        | 2 3 4 5 |  5.2
Stealth        | 3 4 5 |  5.4
Shields        | 2 3 |  3.4
Summonings     | 1 |  1.7
Translocations | |  0.3
Fire Magic     | |  0.8
Air Magic      | |  0.1
Poison Magic   | |  0.2

Action                   |  1- 3 |  4- 6 |  7- 9 | 10-12 || total
-------------------------+-------+-------+-------+-------++-------
Melee: Unarmed           |     2 |       |       |       ||     2
       Dagger            |     6 |       |       |       ||     6
       Short sword       |     4 |    14 |       |       ||    18
       Morningstar       |       |    64 |    83 |       ||   147
       Great mace        |       |       |    11 |   410 ||   421
Throw: Stone             |    10 |       |       |       ||    10
 Cast: Magic Dart        |    54 |    13 |    16 |       ||    83
       Searing Ray       |     7 |     8 |    40 |    32 ||    87
       Foxfire           |       |       |       |    32 ||    32
       Call Imp          |       |       |       |    17 ||    17
       Iskenderun's Myst |       |       |       |    15 ||    15
       Mephitic Cloud    |       |       |       |    11 ||    11
       Ozocubu's Armour  |       |       |       |     2 ||     2
Evoke: Wand              |       |       |       |     4 ||     4
  Use: Scroll            |     5 |       |    11 |     7 ||    23
       Potion            |       |       |       |     4 ||     4
 Stab: Sleeping          |     1 |     1 |     2 |     6 ||    10
       Distracted        |       |       |       |     5 ||     5
       Paralysed         |       |       |       |     2 ||     2
       Confused          |       |       |       |     4 ||     4
Armor: Robe              |     3 |       |       |       ||     3
       Quicksilver drago |     1 |    66 |   104 |   510 ||   681
Dodge: Dodged            |    13 |    63 |    87 |   495 ||   658

Table legend: (Time is in decaauts)
 A = Elapsed time spent in this place.
 B = Non-inter-level travel time spent in this place.
 C = Inter-level travel time spent in this place.
 D = Time resting spent in this place.
 E = Time spent auto-exploring this place.
 F = Levels seen in this place.
 G = Mean time per level.
                   A        B        C        D        E       F      G
               +--------+--------+--------+--------+--------+-----+--------+
         Total |  15444 |  15055 |    389 |   3913 |   8238 |  13 | 1188.0 |
       Dungeon |  13508 |  13152 |    356 |   2857 |   7883 |  11 | 1228.0 |
        Temple |     86 |     54 |     32 |      0 |     32 |   1 |   86.0 |
      Ice Cave |   1850 |   1850 |      0 |   1056 |    322 |   1 | 1850.0 |
               +--------+--------+--------+--------+--------+-----+--------+

Top non-repeatable levels by time:
   IceCv: 1850 daAuts
     D:5: 1746 daAuts
     D:9: 1737 daAuts
     D:8: 1638 daAuts
     D:4: 1455 daAuts
    D:10: 1259 daAuts
     D:6: 1230 daAuts
     D:7: 1222 daAuts
     D:1: 1173 daAuts
     D:3: 970 daAuts
     D:2: 821 daAuts
    D:11: 252 daAuts
  Temple: 86 daAuts
